 Dungeon Crawl Stone Soup version 0.21-a0-498-g1b60429 (webtiles) character file.

33 Dorkslayer the Skirmisher (level 3, 0/23 HPs)
             Began as a Gargoyle Fighter on Nov 24, 2017.
             Slain by Terence
             ... wielding a +1 flail of holy wrath
              (5 damage)
             ... on level 2 of the Dungeon.
             The game lasted 00:02:51 (681 turns).

Dorkslayer the Skirmisher (Gargoyle Fighter)         Turns: 681, Time: 00:02:52

Health: 0/23       AC: 12    Str: 24    XL:     3   Next: 29%
Magic:  3/3        EV:  6    Int:  8    God:
Gold:   28         SH:  9    Dex: 10    Spells: 2/2 levels left

rFire    . . .     SeeInvis .   a - +0 war axe
rCold    . . .     Gourm    .   c - +0 shield
rNeg     + . .     Faith    .   i - +0 chain mail
rPois    ∞         Spirit   .   (no helmet)
rElec    +         Reflect  .   (no cloak)
rCorr    .         Harm     .   (no gloves)
MR       .....                  (no boots)
Stlth    ..........             (no amulet)
HPRegen  0.07/turn              (no ring)
MPRegen  0.08/turn              (no ring)

@: mighty
A: negative energy resistance 1, electricity resistance, unbreathing,
petrification resistance, rot immunity, AC +3
a: no special abilities


You were on level 2 of the Dungeon.
You were not hungry.

You visited 1 branch of the dungeon, and saw 2 of its levels.

You collected 28 gold pieces.

Inventory:

Hand Weapons
 a - a +0 war axe (weapon)
Missiles
 b - 4 tomahawks (quivered)
Armour
 c - a +0 shield (worn)
 i - a +0 chain mail (worn)
Scrolls
 e - a scroll of identify {unknown}
 j - a scroll of blinking {unknown}
 k - a scroll of remove curse {unknown}
Comestibles
 f - 2 bread rations
 g - 4 chunks of flesh
 h - a meat ration
 l - 4 fruits


   Skills:
 + Level 3.5 Fighting
 + Level 2.2 Axes
 * Level 0.7 Throwing
 + Level 3.4 Armour
 * Level 0.6 Dodging
 + Level 3.5 Shields


You had 2 spell levels left.
You didn't know any spells.

Dungeon Overview and Level Annotations

Branches:
Dungeon (2/15)

Altars:

Annotations:
D:2 Terence


Innate Abilities, Weirdness & Mutations

You are resistant to torment.
Your stone body is resilient. (AC +3)
You are immune to poison.
You resist negative energy. (rN+)
You are resistant to electric shocks. (rElec)
You can survive without breathing.
You are immune to petrification.
You are immune to rotting.


Message History

Your chain mail prevents you from hitting Terence.
Terence is lightly wounded.
You block Terence's attack.
Terence hits you with a flail of holy wrath.
* * * LOW HITPOINT WARNING * * *
You closely miss Terence.
Terence is lightly wounded.
Terence hits you but does no damage.
You feel very mighty all of a sudden. Terence barely misses you.
You barely miss Terence.
Terence is lightly wounded.
Terence hits you but does no damage.
Your shield prevents you from hitting Terence.
Terence is lightly wounded.
You block Terence's attack.
You barely miss Terence.
Terence is lightly wounded.
Terence hits you with a flail of holy wrath.
You die...

#.##.## .#
#.##..# #
#.###.###.#
#.........#
#####.#####
# #.# .# #.#
#.#### #.#
##.....#
##.######@.#
#...#.>..@.#
#.#.#.#.##.#
#.......#
...
#########
####


You could see Terence.

Vanquished Creatures
  A dart slug (D:1)
  A leopard gecko (D:2)
  2 ball pythons (D:1)
  A giant cockroach (D:2)
  3 goblins (D:1)
  2 hobgoblins (D:1)
  7 jackals
  3 kobolds (D:1)
  2 bats (D:1)
  5 rats
27 creatures vanquished.

Notes
Turn   | Place    | Note
-------+----------+-------------------------------------------
     0 | D:1      | Dorkslayer the Gargoyle Fighter began the quest for the Orb.
     0 | D:1      | Reached XP level 1. HP: 14/14 MP: 1/1
    93 | D:1      | Reached XP level 2. HP: 19/19 MP: 2/2
   365 | D:1      | Reached XP level 3. HP: 15/23 MP: 3/3
   649 | D:2      | Noticed Terence
   681 | D:2      | Slain by Terence

Vault maps used:
D:1:      roderic_crossed_star
D:2:      grunt_temple_overflow_forces_of_nature, led_sif_pool,
          nicolae_overflow_hidden_temple, first_bread, uniq_terence

Skill      XL: |  1  2 |
---------------+-------+-----
Axes           | 2 |  2.2
Fighting       | |  3.5
Throwing       | |  0.7
Armour         | |  3.4
Dodging        | |  0.6
Shields        | |  3.5

Action                   || total
-------------------------++-------
Melee: War axe           ||   131
  Use: Potion            ||     1
Armor: Scale mail        ||    21
       Chain mail        ||    71
Dodge: Dodged            ||    32
Block: Shield            ||    71

Table legend:
 A = Spawn XP
 B = Non-spawn XP
 C = Spawn XP percentage of total XP
 D = Spawn monster count
 E = Non-spawn monster count
 F = Spawn count percentage of total count
 G = Total turns spent on level
                    A         B        C        D         E        F      G
               +---------+---------+-------+---------+---------+-------+---------
         Total |       0 |      48 |   0.0 |       0 |      27 |   0.0 |   681
               +---------+---------+-------+---------+---------+-------+---------
           D:1 |       0 |      34 |   0.0 |       0 |      20 |   0.0 |   472
           D:2 |       0 |      14 |   0.0 |       0 |       7 |   0.0 |   209
               +---------+---------+-------+---------+---------+-------+---------
